Kings vs Sabres

Created - January 24, 2024 at 11:32

Goals
1 2 3 T
Kings 1 0 1 2
Sabres 2 0 1 3
Shots
1 2 3 T
Kings 13 13 12 38
Sabres 14 8 14 36

GoalsPenalties
1st period
1. Sabres , Brett Howden 8 (Milan Lucic 5, Mason McTavish 12) at 12:40
2. Kings , Evander Kane 11 (Joel Edmundson 10, Brandon Saad 14) at 13:36 (PP)
3. Sabres , Mason McTavish 6 (Blake Coleman 14, Jesper Fast 9) at 14:24
David Savard (LOS) for Tripping (Minor) at 1:31
Jansen Harkins (BUF) for Roughing (Minor) at 12:42
2nd period
No Goal
Mason Appleton (BUF) for High sticking (Minor) at 10:38
3rd period
4. Kings , Brandon Saad 9 (Evander Kane 15, Jeff Carter 5) at 0:08
5. Sabres , Mason McTavish 7 (Mason Appleton 7, Brett Howden 7) at 6:03
Zach Sanford (BUF) for Hooking (Minor) at 8:55
Milan Lucic (BUF) for Slashing (Minor) at 11:38
Colton White (BUF) for Hooking (Minor) at 14:14
Goalie Stats
Igor Shesterkin (LOS), 33 saves from 36 shots - (0.917), L, 17-13-4, 59:19 minutes
James Reimer (BUF), 36 saves from 38 shots - (0.947), W, 5-17-3, 60:00 minutes
3 StarsOfficial
1 - Mason McTavish (BUF)
2 - Brett Howden (BUF)
3 - James Reimer (BUF)
Referees : Justin St. Pierre and Robert Hennessey
Linesman : Greg Devorski and Kiel Murchison
Game Note
No Game Note
Finance
Level 1 -- Attendance: 6497 (99.95%) -- Ticket Income $773,143
Level 2 -- Attendance: 4043 (80.86%) -- Ticket Income $400,257
Level 3 -- Attendance: 2805 (80.14%) -- Ticket Income $193,545
Level 4 -- Attendance: 2388 (77.79%) -- Ticket Income $117,012
Luxury Box -- Attendance: 1000 (100.00%) -- Ticket Income $209,000
Game was played at the Buffalo Pete Center.
Total Attendance: 16733 (87.75%)
Total Ticket Income: $1,692,957
Other Income: $423,239
Total Income: $2,116,196



Team Name Goals Shots Shots Attemp Shots Blocked PIM HIT PP PK FO%
Kings 23887112221 / 5 (20%)058%
Sabres 336661810290 / 1 (0%)142%

Kings
Player Name POS G A P +/- PIM HIT SHT SB MP PP MP PP SHT PK MP PK SHT FO% FOT
Brandon SaadLW1120005023:204:2420:0000% 2
Cole SillingerC000-101005:370:0000:000100% 1
Conor ShearyLW000-1003012:070:0000:360100% 1
David KrejciC0000000017:194:2600:00050% 28
David SavardD000-2211219:174:0510:0000% 0
Derek RyanC000-100106:130:0000:36057% 7
Evander KaneLW1120017123:204:2410:00050% 2
Ilya MikheyevRW0000006017:334:2600:00050% 2
Jeff CarterC0110003023:204:2410:00068% 28
Joel EdmundsonD011-2010319:524:0500:4800% 0
Jonas BrodinD0001031127:184:4511:2300% 0
Kirill MarchenkoRW0000041017:334:2610:00050% 2
Mattias EkholmD0001022226:444:4520:4900% 0
Nic DowdC000-1033112:540:0001:23064% 14
Rasmus RistolainenD000-1062013:460:0000:5800% 0
Timothy LiljegrenD000-1000113:020:0000:0000% 0
Tyler MotteC000-100007:000:0001:230100% 1
Vladimir TarasenkoRW000-1003011:450:0000:0000% 2
Sabres
Player Name POS G A P +/- PIM HIT SHT SB MP PP MP PP SHT PK MP PK SHT FO% FOT
Arber XhekajD0001061221:271:1304:3700% 0
Blake ColemanC0110013026:040:3405:23150% 32
Brenden DillonD000-1060326:050:4604:1300% 0
Brett HowdenC1122006112:470:0000:00069% 16
Brian DumoulinD000-1001126:050:4604:1300% 0
Colin WhiteC000000000:120:1200:0000% 0
Colton WhiteD0002242212:390:1200:0000% 0
Corey PerryRW0000004019:581:1302:28025% 4
Jansen HarkinsC0000204017:291:1300:00026% 27
Jesper FastRW0110034126:040:3405:23167% 3
John HaydenC000000000:590:0000:5900% 1
Jonathan DrouinLW000-1001121:010:3403:1900% 1
Mason AppletonC0112221212:270:0000:0000% 0
Mason McTavishC2133005114:580:0000:00050% 2
Milan LucicLW0112201012:540:0000:0800% 3
Nic PetanC000000001:000:1200:0000% 0
Philippe MyersD0001031321:271:1304:3700% 0
Zach SanfordLW0000242117:291:1300:0000% 1



Play-by-Play

1st period


0:01 of 1st period - Blake Coleman wins face-off versus Jeff Carter in neutral zone.
0:30 of 1st period - Shot by Jonathan Drouin.
0:30 of 1st period - Shot Blocked by Mattias Ekholm.
0:57 of 1st period - Brian Dumoulin is hit by Kirill Marchenko and loses puck.
1:31 of 1st period - Minor Penalty to David Savard for Tripping.
1:32 of 1st period - Nic Dowd wins face-off versus Jansen Harkins in Kings zone.
3:34 of 1st period - Shot by Milan Lucic.
3:34 of 1st period - Shot Blocked by Evander Kane.
3:36 of 1st period - Shot by Milan Lucic.
3:36 of 1st period - Stopped by Igor Shesterkin without a rebound.
3:37 of 1st period - Jeff Carter wins face-off versus Brett Howden in Kings zone.
3:50 of 1st period - Shot by Jeff Carter.
3:50 of 1st period - Stopped by James Reimer without a rebound.
3:51 of 1st period - David Krejci wins face-off versus Milan Lucic in Sabres zone.
5:13 of 1st period - Shot by Brandon Saad.
5:13 of 1st period - Stopped by James Reimer without a rebound.
5:14 of 1st period - Nic Dowd wins face-off versus Jansen Harkins in Sabres zone.
5:18 of 1st period - Icing by Jansen Harkins.
5:19 of 1st period - Jansen Harkins wins face-off versus Nic Dowd in Sabres zone.
5:30 of 1st period - Shot by Vladimir Tarasenko.
5:30 of 1st period - Shot Blocked by Zach Sanford.
5:35 of 1st period - Shot by Conor Sheary.
5:35 of 1st period - Shot Misses the Net.
5:40 of 1st period - Icing by Arber Xhekaj.
5:41 of 1st period - Derek Ryan wins face-off versus Jansen Harkins in Sabres zone.
5:53 of 1st period - Cole Sillinger is hit by Philippe Myers and loses puck.
6:01 of 1st period - Off-side.
6:02 of 1st period - Blake Coleman wins face-off versus Nic Dowd in neutral zone.
6:13 of 1st period - Conor Sheary is hit by Brenden Dillon and loses puck.
6:16 of 1st period - Shot by Conor Sheary.
6:16 of 1st period - Shot Blocked by Brian Dumoulin.
6:32 of 1st period - Shot by Vladimir Tarasenko.
6:32 of 1st period - Shot Blocked by Jonathan Drouin.
6:34 of 1st period - Shot by Nic Dowd.
6:34 of 1st period - Shot Misses the Net.
6:36 of 1st period - Shot by Conor Sheary.
6:36 of 1st period - Deflect By Vladimir Tarasenko.
6:36 of 1st period - Stopped by James Reimer without a rebound.
6:37 of 1st period - Corey Perry wins face-off versus Jeff Carter in Sabres zone.
6:44 of 1st period - Shot by Jeff Carter.
6:44 of 1st period - Stopped by James Reimer without a rebound.
6:45 of 1st period - Jeff Carter wins face-off versus Jansen Harkins in Sabres zone.
7:01 of 1st period - Shot by Arber Xhekaj.
7:01 of 1st period - Stopped by Igor Shesterkin with a rebound.
7:22 of 1st period - Shot by Evander Kane.
7:22 of 1st period - Stopped by James Reimer without a rebound.
7:23 of 1st period - Blake Coleman wins face-off versus David Krejci in Sabres zone.
7:52 of 1st period - Shot by Ilya Mikheyev.
7:52 of 1st period - Stopped by James Reimer with a rebound.
8:49 of 1st period - Shot by Conor Sheary.
8:49 of 1st period - Stopped by James Reimer without a rebound.
8:50 of 1st period - Jeff Carter wins face-off versus Zach Sanford in Sabres zone.
9:21 of 1st period - Evander Kane is hit by Arber Xhekaj and loses puck.
9:28 of 1st period - Shot by Evander Kane.
9:28 of 1st period - Stopped by James Reimer without a rebound.
9:29 of 1st period - Brett Howden wins face-off versus Derek Ryan in Sabres zone.
9:29 of 1st period - Mason McTavish is hit by Cole Sillinger and loses puck.
9:37 of 1st period - Icing by Mason Appleton.
9:38 of 1st period - Brett Howden wins face-off versus David Krejci in Sabres zone.
9:51 of 1st period - Shot by Brett Howden.
9:51 of 1st period - Shot Misses the Net.
9:53 of 1st period - Shot by Mason Appleton.
9:53 of 1st period - Shot Blocked by Jonas Brodin.
10:07 of 1st period - Shot by Colton White.
10:07 of 1st period - Stopped by Igor Shesterkin with a rebound.
10:11 of 1st period - Shot by Mason McTavish.
10:11 of 1st period - Shot Blocked by Mattias Ekholm.
10:31 of 1st period - Shot by Zach Sanford.
10:31 of 1st period - Stopped by Igor Shesterkin with a rebound.
10:33 of 1st period - Shot by Jansen Harkins.
10:33 of 1st period - Stopped by Igor Shesterkin without a rebound.
10:34 of 1st period - Jesper Fast wins face-off versus Evander Kane in Kings zone.
10:51 of 1st period - Shot by Jesper Fast.
10:51 of 1st period - Stopped by Igor Shesterkin without a rebound.
10:52 of 1st period - Jansen Harkins wins face-off versus Derek Ryan in Kings zone.
10:56 of 1st period - Icing by Rasmus Ristolainen.
10:57 of 1st period - Cole Sillinger wins face-off versus Blake Coleman in Kings zone.
10:57 of 1st period - Cole Sillinger is hit by Jesper Fast.
12:28 of 1st period - Shot by Corey Perry.
12:28 of 1st period - Stopped by Igor Shesterkin without a rebound.
12:29 of 1st period - Brett Howden wins face-off versus Vladimir Tarasenko in Kings zone.
12:32 of 1st period - Shot by Mason McTavish.
12:32 of 1st period - Shot Blocked by David Savard.
12:34 of 1st period - Shot by Brett Howden.
12:34 of 1st period - Stopped by Igor Shesterkin with a rebound.
12:36 of 1st period - Shot by Milan Lucic.
12:36 of 1st period - Shot Misses the Net.
12:38 of 1st period - Shot by Brett Howden.
12:38 of 1st period - Shot Blocked by Nic Dowd.
12:40 of 1st period - Shot by Brett Howden.
12:40 of 1st period - Goal by Brett Howden - Kings : 0 - Sabres : 1.
12:41 of 1st period - David Krejci wins face-off versus Jansen Harkins in neutral zone.
12:41 of 1st period - David Krejci is hit by Zach Sanford.
12:42 of 1st period - Minor Penalty to Jansen Harkins for Roughing.
12:43 of 1st period - Blake Coleman wins face-off versus David Krejci in Sabres zone.
12:48 of 1st period - Shot by Blake Coleman.
12:48 of 1st period - Stopped by Igor Shesterkin without a rebound.
12:49 of 1st period - David Krejci wins face-off versus Blake Coleman in Kings zone.
13:00 of 1st period - Shot by Kirill Marchenko.
13:00 of 1st period - Shot Blocked by Jesper Fast.
13:04 of 1st period - Shot by Ilya Mikheyev.
13:04 of 1st period - Deflect By Kirill Marchenko.
13:04 of 1st period - Stopped by James Reimer without a rebound.
13:05 of 1st period - Blake Coleman wins face-off versus Jeff Carter in Sabres zone.
13:36 of 1st period - Shot by Evander Kane.
13:36 of 1st period - Goal by Evander Kane - Kings : 1 - Sabres : 1.
13:37 of 1st period - Nic Dowd wins face-off versus Brett Howden in neutral zone.
13:44 of 1st period - Shot by Jonas Brodin.
13:44 of 1st period - Shot Blocked by Brenden Dillon.
13:46 of 1st period - Shot by Conor Sheary.
13:46 of 1st period - Deflect By Vladimir Tarasenko.
13:46 of 1st period - Stopped by James Reimer without a rebound.
13:47 of 1st period - Jansen Harkins wins face-off versus David Krejci in Sabres zone.
13:47 of 1st period - Brian Dumoulin is hit by Kirill Marchenko and loses puck.
13:55 of 1st period - Icing by Mattias Ekholm.
13:56 of 1st period - David Krejci wins face-off versus Jesper Fast in Kings zone.
14:12 of 1st period - Icing by Jesper Fast.
14:13 of 1st period - Jeff Carter wins face-off versus Blake Coleman in Sabres zone.
14:13 of 1st period - Evander Kane is hit by Arber Xhekaj and loses puck.
14:24 of 1st period - Shot by Blake Coleman.
14:24 of 1st period - Deflect By Mason McTavish.
14:24 of 1st period - Goal by Mason McTavish - Kings : 1 - Sabres : 2.
14:25 of 1st period - Conor Sheary wins face-off versus Jansen Harkins in neutral zone.
14:27 of 1st period - Vladimir Tarasenko is hit by Brenden Dillon and loses puck.
14:32 of 1st period - Shot by Vladimir Tarasenko.
14:32 of 1st period - Stopped by James Reimer without a rebound.
14:33 of 1st period - Mason McTavish wins face-off versus Jeff Carter in Sabres zone.
15:03 of 1st period - Icing by Jonas Brodin.
15:04 of 1st period - Jeff Carter wins face-off versus Jansen Harkins in Kings zone.
15:04 of 1st period - Jeff Carter is hit by Zach Sanford.
15:11 of 1st period - Mattias Ekholm is hit by Philippe Myers and loses puck.
16:00 of 1st period - Shot by Brian Dumoulin.
16:00 of 1st period - Shot Misses the Net.
16:02 of 1st period - Shot by Jesper Fast.
16:02 of 1st period - Shot Misses the Net.
16:15 of 1st period - Jonathan Drouin is hit by Mattias Ekholm.
16:19 of 1st period - Shot by Jesper Fast.
16:19 of 1st period - Stopped by Igor Shesterkin without a rebound.
16:20 of 1st period - Brett Howden wins face-off versus David Krejci in Kings zone.
16:35 of 1st period - Shot by Mason McTavish.
16:35 of 1st period - Stopped by Igor Shesterkin without a rebound.
16:36 of 1st period - Blake Coleman wins face-off versus Nic Dowd in Kings zone.
16:39 of 1st period - Shot by Jesper Fast.
16:39 of 1st period - Deflect By Jonathan Drouin.
16:39 of 1st period - Shot Blocked by Timothy Liljegren.
16:47 of 1st period - Icing by Jonathan Drouin.
16:48 of 1st period - Jesper Fast wins face-off versus David Krejci in Sabres zone.
17:03 of 1st period - Shot by Blake Coleman.
17:03 of 1st period - Shot Misses the Net.
17:25 of 1st period - Shot by Blake Coleman.
17:25 of 1st period - Deflect By Jonathan Drouin.
17:25 of 1st period - Stopped by Igor Shesterkin with a rebound.
17:40 of 1st period - David Savard is hit by Jesper Fast and loses puck.
18:01 of 1st period - Shot by Nic Dowd.
18:01 of 1st period - Stopped by James Reimer without a rebound.
18:02 of 1st period - Tyler Motte wins face-off versus Jansen Harkins in Sabres zone.
18:04 of 1st period - Derek Ryan is hit by Philippe Myers and loses puck.
18:56 of 1st period - Brandon Saad is hit by Arber Xhekaj and loses puck.
19:07 of 1st period - Shot by Evander Kane.
19:07 of 1st period - Deflect By Brandon Saad.
19:07 of 1st period - Shot Misses the Net.
19:32 of 1st period - Evander Kane is hit by Arber Xhekaj and loses puck.
19:56 of 1st period - Conor Sheary is hit by Colton White and loses puck.
Goals for this period are 1 for Kings vs 2 for Sabres.
Shots for this period are 13 for Kings vs 14 for Sabres.

2nd period


0:01 of 2nd period - Jeff Carter wins face-off versus Blake Coleman in neutral zone.
0:38 of 2nd period - Shot by Jonathan Drouin.
0:38 of 2nd period - Shot Misses the Net.
0:41 of 2nd period - Icing by Jonas Brodin.
0:42 of 2nd period - Jeff Carter wins face-off versus Brett Howden in Kings zone.
0:46 of 2nd period - Jonas Brodin is hit by Colton White and loses puck.
0:52 of 2nd period - Icing by Mason Appleton.
0:53 of 2nd period - Brett Howden wins face-off versus Vladimir Tarasenko in Sabres zone.
0:53 of 2nd period - Brett Howden is hit by Nic Dowd.
1:05 of 2nd period - Shot by Conor Sheary.
1:05 of 2nd period - Shot Blocked by Colton White.
1:08 of 2nd period - Icing by Colton White.
1:09 of 2nd period - Brett Howden wins face-off versus David Krejci in Sabres zone.
1:22 of 2nd period - Icing by Rasmus Ristolainen.
1:23 of 2nd period - Blake Coleman wins face-off versus David Krejci in Kings zone.
1:23 of 2nd period - Blake Coleman is hit by Rasmus Ristolainen.
1:25 of 2nd period - Shot by Jonathan Drouin.
1:25 of 2nd period - Shot Misses the Net.
1:41 of 2nd period - Shot by Rasmus Ristolainen.
1:41 of 2nd period - Stopped by James Reimer without a rebound.
1:42 of 2nd period - Nic Dowd wins face-off versus Milan Lucic in Sabres zone.
1:56 of 2nd period - Off-side.
1:57 of 2nd period - Evander Kane wins face-off versus Blake Coleman in neutral zone.
2:20 of 2nd period - Shot by Jesper Fast.
2:20 of 2nd period - Stopped by Igor Shesterkin without a rebound.
2:21 of 2nd period - David Krejci wins face-off versus Jansen Harkins in Kings zone.
2:33 of 2nd period - Zach Sanford is hit by Jonas Brodin and loses puck.
2:53 of 2nd period - Zach Sanford is hit by Jonas Brodin and loses puck.
2:56 of 2nd period - Shot by Corey Perry.
2:56 of 2nd period - Shot Misses the Net.
2:58 of 2nd period - Shot by Zach Sanford.
2:58 of 2nd period - Shot Misses the Net.
3:00 of 2nd period - Shot by Corey Perry.
3:00 of 2nd period - Shot Misses the Net.
3:39 of 2nd period - Brenden Dillon is hit by Jonas Brodin and loses puck.
3:55 of 2nd period - Evander Kane is hit by Brenden Dillon and loses puck.
4:11 of 2nd period - Evander Kane is hit by Brenden Dillon and loses puck.
4:18 of 2nd period - Shot by Brandon Saad.
4:18 of 2nd period - Shot Misses the Net.
4:20 of 2nd period - Shot by Jeff Carter.
4:20 of 2nd period - Shot Misses the Net.
4:33 of 2nd period - Brandon Saad is hit by Brenden Dillon and loses puck.
4:57 of 2nd period - Icing by Brian Dumoulin.
4:58 of 2nd period - Derek Ryan wins face-off versus Mason McTavish in Sabres zone.
5:11 of 2nd period - Shot by Derek Ryan.
5:11 of 2nd period - Stopped by James Reimer without a rebound.
5:12 of 2nd period - Nic Dowd wins face-off versus Jansen Harkins in Sabres zone.
5:19 of 2nd period - Shot by Conor Sheary.
5:19 of 2nd period - Shot Misses the Net.
5:21 of 2nd period - Shot by David Savard.
5:21 of 2nd period - Shot Misses the Net.
5:23 of 2nd period - Shot by Nic Dowd.
5:23 of 2nd period - Stopped by James Reimer without a rebound.
5:24 of 2nd period - Jeff Carter wins face-off versus Jansen Harkins in Sabres zone.
5:27 of 2nd period - Shot by Evander Kane.
5:27 of 2nd period - Shot Misses the Net.
5:35 of 2nd period - Shot by Evander Kane.
5:35 of 2nd period - Shot Blocked by Mason Appleton.
5:37 of 2nd period - Shot by Timothy Liljegren.
5:37 of 2nd period - Shot Misses the Net.
5:39 of 2nd period - Shot by Rasmus Ristolainen.
5:39 of 2nd period - Stopped by James Reimer without a rebound.
5:40 of 2nd period - Nic Dowd wins face-off versus Jansen Harkins in Sabres zone.
6:13 of 2nd period - Shot by Zach Sanford.
6:13 of 2nd period - Stopped by Igor Shesterkin with a rebound.
6:51 of 2nd period - Shot by Brett Howden.
6:51 of 2nd period - Stopped by Igor Shesterkin with a rebound.
7:09 of 2nd period - Shot by Brett Howden.
7:09 of 2nd period - Stopped by Igor Shesterkin with a rebound.
8:15 of 2nd period - Shot by Jansen Harkins.
8:15 of 2nd period - Shot Misses the Net.
8:44 of 2nd period - Shot by Mason Appleton.
8:44 of 2nd period - Stopped by Igor Shesterkin without a rebound.
8:45 of 2nd period - David Krejci wins face-off versus Jonathan Drouin in Kings zone.
8:50 of 2nd period - Brenden Dillon is hit by Kirill Marchenko and loses puck.
8:59 of 2nd period - Shot by Kirill Marchenko.
8:59 of 2nd period - Deflect By Ilya Mikheyev.
8:59 of 2nd period - Stopped by James Reimer with a rebound.
10:16 of 2nd period - Philippe Myers is hit by Nic Dowd and loses puck.
10:21 of 2nd period - Mason McTavish is hit by Nic Dowd.
10:29 of 2nd period - Shot by Vladimir Tarasenko.
10:29 of 2nd period - Shot Blocked by Philippe Myers.
10:31 of 2nd period - Shot by David Savard.
10:31 of 2nd period - Shot Blocked by Brett Howden.
10:33 of 2nd period - Shot by Nic Dowd.
10:33 of 2nd period - Stopped by James Reimer without a rebound.
10:34 of 2nd period - David Krejci wins face-off versus Jansen Harkins in Sabres zone.
10:34 of 2nd period - David Krejci is hit by Colton White.
10:36 of 2nd period - Shot by Ilya Mikheyev.
10:36 of 2nd period - Shot Misses the Net.
10:38 of 2nd period - Shot by Ilya Mikheyev.
10:38 of 2nd period - Stopped by James Reimer without a rebound.
10:38 of 2nd period - Minor Penalty to Mason Appleton for High sticking.
10:39 of 2nd period - Jeff Carter wins face-off versus John Hayden in Sabres zone.
10:40 of 2nd period - Shot by Mattias Ekholm.
10:40 of 2nd period - Stopped by James Reimer without a rebound.
10:41 of 2nd period - David Krejci wins face-off versus Blake Coleman in Sabres zone.
10:42 of 2nd period - Shot by Ilya Mikheyev.
10:42 of 2nd period - Shot Misses the Net.
10:44 of 2nd period - Shot by Mattias Ekholm.
10:44 of 2nd period - Stopped by James Reimer without a rebound.
10:45 of 2nd period - Blake Coleman wins face-off versus David Krejci in Sabres zone.
11:01 of 2nd period - Shot by David Savard.
11:01 of 2nd period - Stopped by James Reimer without a rebound.
11:02 of 2nd period - Jeff Carter wins face-off versus Corey Perry in Sabres zone.
11:04 of 2nd period - Brandon Saad is hit by Arber Xhekaj and loses puck.
13:04 of 2nd period - Off-side.
13:05 of 2nd period - Derek Ryan wins face-off versus Brett Howden in neutral zone.
13:58 of 2nd period - Off-side.
13:59 of 2nd period - Jeff Carter wins face-off versus Jansen Harkins in neutral zone.
14:36 of 2nd period - Shot by Jeff Carter.
14:36 of 2nd period - Deflect By Evander Kane.
14:36 of 2nd period - Stopped by James Reimer without a rebound.
14:37 of 2nd period - David Krejci wins face-off versus Blake Coleman in Sabres zone.
14:40 of 2nd period - Shot by Timothy Liljegren.
14:40 of 2nd period - Shot Blocked by Colton White.
14:49 of 2nd period - Blake Coleman is hit by Rasmus Ristolainen and loses puck.
14:55 of 2nd period - Jesper Fast is hit by Rasmus Ristolainen and loses puck.
15:07 of 2nd period - Jonathan Drouin is hit by Rasmus Ristolainen.
15:11 of 2nd period - Shot by Blake Coleman.
15:11 of 2nd period - Stopped by Igor Shesterkin without a rebound.
15:12 of 2nd period - Brett Howden wins face-off versus Nic Dowd in Kings zone.
16:07 of 2nd period - Shot by Philippe Myers.
16:07 of 2nd period - Shot Misses the Net.
16:09 of 2nd period - Shot by Jansen Harkins.
16:09 of 2nd period - Shot Misses the Net.
16:11 of 2nd period - Shot by Corey Perry.
16:11 of 2nd period - Stopped by Igor Shesterkin without a rebound.
16:12 of 2nd period - Jeff Carter wins face-off versus Blake Coleman in Kings zone.
16:12 of 2nd period - Jeff Carter is hit by Jesper Fast.
16:19 of 2nd period - David Savard is hit by Colton White and loses puck.
16:27 of 2nd period - Off-side.
16:28 of 2nd period - Jansen Harkins wins face-off versus David Krejci in neutral zone.
16:57 of 2nd period - Shot by Corey Perry.
16:57 of 2nd period - Shot Hit the Post.
16:59 of 2nd period - Shot by Jansen Harkins.
16:59 of 2nd period - Stopped by Igor Shesterkin without a rebound.
17:00 of 2nd period - Blake Coleman wins face-off versus Brandon Saad in Kings zone.
17:37 of 2nd period - Shot by Jesper Fast.
17:37 of 2nd period - Deflect By Blake Coleman.
17:37 of 2nd period - Shot Blocked by Joel Edmundson.
17:54 of 2nd period - Off-side.
17:55 of 2nd period - Ilya Mikheyev wins face-off versus Jansen Harkins in neutral zone.
18:47 of 2nd period - Icing by Philippe Myers.
18:48 of 2nd period - Nic Dowd wins face-off versus Jansen Harkins in Sabres zone.
18:53 of 2nd period - Shot by Vladimir Tarasenko.
18:53 of 2nd period - Shot Misses the Net.
18:55 of 2nd period - Shot by Nic Dowd.
18:55 of 2nd period - Shot Misses the Net.
18:57 of 2nd period - Shot by Nic Dowd.
18:57 of 2nd period - Shot Misses the Net.
19:01 of 2nd period - Shot by Vladimir Tarasenko.
19:01 of 2nd period - Shot Blocked by Arber Xhekaj.
19:03 of 2nd period - Shot by Conor Sheary.
19:03 of 2nd period - Stopped by James Reimer with a rebound.
19:07 of 2nd period - Shot by Vladimir Tarasenko.
19:07 of 2nd period - Shot Blocked by Philippe Myers.
19:12 of 2nd period - Icing by Arber Xhekaj.
19:13 of 2nd period - Jeff Carter wins face-off versus Jansen Harkins in Sabres zone.
19:37 of 2nd period - Shot by Evander Kane.
19:37 of 2nd period - Shot Misses the Net.
19:55 of 2nd period - Shot by Brandon Saad.
19:55 of 2nd period - Stopped by James Reimer without a rebound.
19:56 of 2nd period - Blake Coleman wins face-off versus David Krejci in Sabres zone.
19:56 of 2nd period - Blake Coleman is hit by Kirill Marchenko.
Goals for this period are 0 for Kings vs 0 for Sabres.
Shots for this period are 13 for Kings vs 8 for Sabres.

3rd period


0:01 of 3rd period - Jeff Carter wins face-off versus Blake Coleman in neutral zone.
0:06 of 3rd period - Shot by Brandon Saad.
0:06 of 3rd period - Shot Misses the Net.
0:08 of 3rd period - Shot by Brandon Saad.
0:08 of 3rd period - Goal by Brandon Saad - Kings : 2 - Sabres : 2.
0:09 of 3rd period - Jeff Carter wins face-off versus Blake Coleman in neutral zone.
0:12 of 3rd period - Shot by Evander Kane.
0:12 of 3rd period - Stopped by James Reimer without a rebound.
0:13 of 3rd period - Blake Coleman wins face-off versus Jeff Carter in Sabres zone.
1:12 of 3rd period - Off-side.
1:13 of 3rd period - David Krejci wins face-off versus Milan Lucic in neutral zone.
1:15 of 3rd period - David Savard is hit by Mason Appleton and loses puck.
1:35 of 3rd period - Shot by Mason McTavish.
1:35 of 3rd period - Stopped by Igor Shesterkin without a rebound.
1:36 of 3rd period - Nic Dowd wins face-off versus Jansen Harkins in Kings zone.
1:49 of 3rd period - Shot by Zach Sanford.
1:49 of 3rd period - Deflect By Corey Perry.
1:49 of 3rd period - Shot Misses the Net.
1:53 of 3rd period - Shot by Corey Perry.
1:53 of 3rd period - Stopped by Igor Shesterkin without a rebound.
1:54 of 3rd period - Brett Howden wins face-off versus Jeff Carter in Kings zone.
1:54 of 3rd period - Mason McTavish is hit by Mattias Ekholm and loses puck.
2:27 of 3rd period - Shot by Evander Kane.
2:27 of 3rd period - Shot Blocked by Mason Appleton.
2:58 of 3rd period - Icing by Brenden Dillon.
2:59 of 3rd period - David Krejci wins face-off versus Blake Coleman in Sabres zone.
3:10 of 3rd period - Shot by Blake Coleman.
3:10 of 3rd period - Stopped by Igor Shesterkin without a rebound.
3:11 of 3rd period - Nic Dowd wins face-off versus Jansen Harkins in Kings zone.
3:11 of 3rd period - Nic Dowd is hit by Zach Sanford.
3:34 of 3rd period - Jansen Harkins is hit by Rasmus Ristolainen and loses puck.
5:08 of 3rd period - Shot by Jonathan Drouin.
5:08 of 3rd period - Shot Misses the Net.
5:25 of 3rd period - Shot by Evander Kane.
5:25 of 3rd period - Shot Blocked by Brenden Dillon.
6:03 of 3rd period - Shot by Mason McTavish.
6:03 of 3rd period - Goal by Mason McTavish - Kings : 2 - Sabres : 3.
6:04 of 3rd period - Brett Howden wins face-off versus Nic Dowd in neutral zone.
6:43 of 3rd period - Brett Howden is hit by David Savard and loses puck.
7:05 of 3rd period - Icing by Jansen Harkins.
7:06 of 3rd period - Jansen Harkins wins face-off versus Jeff Carter in Sabres zone.
7:06 of 3rd period - Jansen Harkins is hit by Evander Kane.
7:17 of 3rd period - Jonas Brodin is hit by Arber Xhekaj and loses puck.
7:22 of 3rd period - Shot by Evander Kane.
7:22 of 3rd period - Shot Misses the Net.
7:30 of 3rd period - Shot by Evander Kane.
7:30 of 3rd period - Stopped by James Reimer without a rebound.
7:31 of 3rd period - David Krejci wins face-off versus Blake Coleman in Sabres zone.
7:34 of 3rd period - Shot by Kirill Marchenko.
7:34 of 3rd period - Deflect By David Krejci.
7:34 of 3rd period - Shot Misses the Net.
7:36 of 3rd period - Shot by Ilya Mikheyev.
7:36 of 3rd period - Stopped by James Reimer with a rebound.
7:40 of 3rd period - Shot by Ilya Mikheyev.
7:40 of 3rd period - Stopped by James Reimer with a rebound.
7:42 of 3rd period - Shot by Kirill Marchenko.
7:42 of 3rd period - Shot Misses the Net.
7:44 of 3rd period - Shot by Ilya Mikheyev.
7:44 of 3rd period - Shot Misses the Net.
7:46 of 3rd period - Shot by Ilya Mikheyev.
7:46 of 3rd period - Shot Misses the Net.
8:08 of 3rd period - Shot by Kirill Marchenko.
8:08 of 3rd period - Deflect By Ilya Mikheyev.
8:08 of 3rd period - Stopped by James Reimer without a rebound.
8:09 of 3rd period - Jeff Carter wins face-off versus Brett Howden in Sabres zone.
8:14 of 3rd period - Shot by Mattias Ekholm.
8:14 of 3rd period - Shot Blocked by Mason McTavish.
8:33 of 3rd period - Shot by Philippe Myers.
8:33 of 3rd period - Stopped by Igor Shesterkin without a rebound.
8:34 of 3rd period - Derek Ryan wins face-off versus Jansen Harkins in Kings zone.
8:34 of 3rd period - Derek Ryan is hit by Zach Sanford.
8:42 of 3rd period - Shot by Cole Sillinger.
8:42 of 3rd period - Deflect By Tyler Motte.
8:42 of 3rd period - Shot Misses the Net.
8:49 of 3rd period - Derek Ryan is hit by Mason Appleton and loses puck.
8:55 of 3rd period - Minor Penalty to Zach Sanford for Hooking.
8:56 of 3rd period - Blake Coleman wins face-off versus David Krejci in Sabres zone.
9:02 of 3rd period - Icing by Kirill Marchenko.
9:03 of 3rd period - Blake Coleman wins face-off versus Kirill Marchenko in Kings zone.
9:08 of 3rd period - Shot by Jesper Fast.
9:08 of 3rd period - Stopped by Igor Shesterkin without a rebound.
9:09 of 3rd period - Blake Coleman wins face-off versus David Krejci in Kings zone.
9:36 of 3rd period - Shot by Ilya Mikheyev.
9:36 of 3rd period - Shot Misses the Net.
10:12 of 3rd period - Shot by Brandon Saad.
10:12 of 3rd period - Stopped by James Reimer without a rebound.
10:13 of 3rd period - Jeff Carter wins face-off versus Corey Perry in Sabres zone.
10:22 of 3rd period - Shot by Jeff Carter.
10:22 of 3rd period - Stopped by James Reimer with a rebound.
10:49 of 3rd period - Shot by Jeff Carter.
10:49 of 3rd period - Shot Misses the Net.
10:51 of 3rd period - Shot by Brandon Saad.
10:51 of 3rd period - Stopped by James Reimer without a rebound.
10:52 of 3rd period - David Krejci wins face-off versus Corey Perry in Sabres zone.
11:07 of 3rd period - Shot by Mason McTavish.
11:07 of 3rd period - Stopped by Igor Shesterkin without a rebound.
11:08 of 3rd period - Jansen Harkins wins face-off versus David Krejci in Kings zone.
11:19 of 3rd period - Shot by Corey Perry.
11:19 of 3rd period - Shot Misses the Net.
11:21 of 3rd period - Shot by Brian Dumoulin.
11:21 of 3rd period - Stopped by Igor Shesterkin without a rebound.
11:22 of 3rd period - Brett Howden wins face-off versus Jeff Carter in Kings zone.
11:38 of 3rd period - Minor Penalty to Milan Lucic for Slashing.
11:39 of 3rd period - David Krejci wins face-off versus Blake Coleman in Sabres zone.
11:50 of 3rd period - Shot by Mattias Ekholm.
11:50 of 3rd period - Shot Misses the Net.
11:52 of 3rd period - Shot by Jonas Brodin.
11:52 of 3rd period - Stopped by James Reimer without a rebound.
11:53 of 3rd period - Blake Coleman wins face-off versus Brandon Saad in Sabres zone.
13:23 of 3rd period - Shot by Joel Edmundson.
13:23 of 3rd period - Shot Blocked by Philippe Myers.
13:58 of 3rd period - Mason McTavish is hit by Rasmus Ristolainen and loses puck.
14:05 of 3rd period - Shot by Brett Howden.
14:05 of 3rd period - Stopped by Igor Shesterkin with a rebound.
14:13 of 3rd period - Shot by Conor Sheary.
14:13 of 3rd period - Stopped by James Reimer with a rebound.
14:14 of 3rd period - Minor Penalty to Colton White for Hooking.
14:15 of 3rd period - Jeff Carter wins face-off versus Blake Coleman in Sabres zone.
14:18 of 3rd period - Shot by Mattias Ekholm.
14:18 of 3rd period - Shot Blocked by Arber Xhekaj.
16:55 of 3rd period - Shot by Conor Sheary.
16:55 of 3rd period - Shot Misses the Net.
17:14 of 3rd period - Icing by Joel Edmundson.
17:15 of 3rd period - Jansen Harkins wins face-off versus Derek Ryan in Kings zone.
17:28 of 3rd period - Shot by Jansen Harkins.
17:28 of 3rd period - Stopped by Igor Shesterkin with a rebound.
17:30 of 3rd period - Shot by Arber Xhekaj.
17:30 of 3rd period - Shot Blocked by Joel Edmundson.
17:32 of 3rd period - Shot by Jansen Harkins.
17:32 of 3rd period - Stopped by Igor Shesterkin without a rebound.
17:33 of 3rd period - Jeff Carter wins face-off versus Blake Coleman in Kings zone.
17:33 of 3rd period - Jeff Carter is hit by Blake Coleman.
17:54 of 3rd period - Evander Kane is hit by Brenden Dillon and loses puck.
18:43 of 3rd period - Shot by Corey Perry.
18:43 of 3rd period - Stopped by Igor Shesterkin without a rebound.
18:44 of 3rd period - Brett Howden wins face-off versus Ilya Mikheyev in Kings zone.
18:44 of 3rd period - Colton White is hit by Joel Edmundson and loses puck.
18:55 of 3rd period - Shot by Brett Howden.
18:55 of 3rd period - Shot Misses the Net.
18:57 of 3rd period - Shot by Brett Howden.
18:57 of 3rd period - Stopped by Igor Shesterkin with a rebound.
18:59 of 3rd period - Shot by Brett Howden.
18:59 of 3rd period - Shot Misses the Net.
19:01 of 3rd period - Shot by Brett Howden.
19:01 of 3rd period - Shot Blocked by David Savard.
19:03 of 3rd period - Shot by Mason Appleton.
19:03 of 3rd period - Shot Blocked by Joel Edmundson.
19:07 of 3rd period - Shot by Colton White.
19:07 of 3rd period - Stopped by Igor Shesterkin without a rebound.
19:08 of 3rd period - Blake Coleman wins face-off versus Jeff Carter in Kings zone.
19:19 of 3rd period - Kings, Igor Shesterkin is pulled from the net.
19:23 of 3rd period - Shot by Evander Kane.
19:23 of 3rd period - Shot Misses the Net.
19:25 of 3rd period - Shot by Jeff Carter.
19:25 of 3rd period - Shot Blocked by Brenden Dillon.
19:27 of 3rd period - Shot by Jonas Brodin.
19:27 of 3rd period - Shot Misses the Net.
19:29 of 3rd period - Shot by Jonas Brodin.
19:29 of 3rd period - Shot Misses the Net.
19:31 of 3rd period - Shot by Brandon Saad.
19:31 of 3rd period - Shot Misses the Net.
19:33 of 3rd period - Shot by Mattias Ekholm.
19:33 of 3rd period - Shot Misses the Net.
19:45 of 3rd period - Shot by Jonas Brodin.
19:45 of 3rd period - Deflect By Evander Kane.
19:45 of 3rd period - Stopped by James Reimer without a rebound.
19:46 of 3rd period - Kirill Marchenko wins face-off versus Blake Coleman in Sabres zone.
Goals for this period are 1 for Kings vs 1 for Sabres.
Shots for this period are 12 for Kings vs 14 for Sabres.